cohdb
Replays
Latest Replays
All Replays
Popular Replays
Top Player Replays
Match Explorer
How It Works
Community
CoH3 Stats
Reddit
Sign in to upload your games and track your stats! →
Sign in with Steam
Match 43739290
Unlisted
Match 43739290
Overview
Messages
Build Orders
End
Kradschützen Motorcycle Team
Panzerpioneer Squad
Panzerpioneer Squad
Construct Light Support Kompanie
MG34 Team
Assault Grenadier Squad
Fire Support Elements
Flakvierling Half-track
Panzerjäger Mechanized Group
2.5-tonne Medical Truck
Selects Armored Support Battlegroup
Selects Superior Fire Drills
Veteran Squad Leaders
Vehicle Survival Package
Selects Salvage Kits
Selects Panzer Storm
Construct Panzerarmee Kommand
Pak 38 Mechanized Group
xiao
Barbarossa
0
0
Comments
sign in to comment!
No comments posted yet!